 Dungeon Crawl Stone Soup version 0.31-a0-229-g1fc7ce93e2 (webtiles) character file.

Game seed: 6742561412341094411

63 qw the Shooter (level 4, 0/27 HPs)
             Began as a Gargoyle Hexslinger on July 6, 2023.
             Slain by Sigmund
             ... wielding a +4 scythe of venom
              (4 damage)
             ... on level 2 of the Dungeon.
             The game lasted 00:00:28 (1035 turns).

qw the Shooter (Gargoyle Hexslinger)                Turns: 1035, Time: 00:00:28

Health: 0/27       AC:  6    Str: 11    XL:     4   Next: 9%
Magic:  5/5        EV: 11    Int: 14    God:
Gold:   34         SH:  0    Dex: 14    Spells: 4/5 levels left

rFire   . . .        Y - +1 sling
rCold   . . .        (no shield)
rNeg    + . .        i - +0 leather armour
rPois   inf          (no helmet)
rElec   +            (no cloak)
rCorr   .            (no gloves)
SInv    .            (no boots)
Will    .....        (no amulet)
Stlth   +            (no ring)
HPRegen 0.24/turn    (no ring)
MPRegen 0.09/turn

%: no passive effects
@: no status effects
A: sickness immunity, AC +3, negative energy resistance 1, electricity
resistance, torment resistance 1, petrification resistance
a: no special abilities


You were on level 2 of the Dungeon.
You visited 1 branch of the dungeon, and saw 2 of its levels.

You collected 34 gold pieces.


Innate Abilities, Weirdness & Mutations

You are immune to sickness and miasma.
Your stone body is resilient. (AC +3)
You are immune to poison.
You resist negative energy. (rN+)
You are resistant to electric shocks. (rElec)
You are resistant to unholy torment.
You are immune to petrification.


   Skills:
 - Level 2.7 Fighting
 + Level 3.5 Ranged Weapons
 - Level 1.5 Dodging
 - Level 1.0 Spellcasting
 - Level 2.6 Hexes


You had 4 spell levels left.
You knew the following spells:

 Your Spells              Type           Power      Damage    Failure   Level
a - Slow                  Hex            32%        N/A       12%         1

Your spell library contained the following spells:

 Spells                   Type           Power      Damage    Failure   Level
 Inner Flame              Hex/Fire       4%         N/A       52%         3
 Portal Projectile        Hex/Tloc       8%         N/A       52%         3
 Cause Fear               Hex            4%         N/A       75%         4

Inventory:

Hand Weapons
 Y - a +1 sling (weapon)
Armour
 i - a +0 leather armour (worn)
Potions
 a - a potion of magic {unknown}
 b - a potion of enlightenment {unknown}
 c - a potion of experience {unknown}
 f - a potion of attraction {unknown}

Dungeon Overview and Level Annotations

Branches:
Dungeon (2/15)

Altars:

Annotations:
D:2 Robin, Sigmund


Message History

The hobgoblin barely misses you.
You shoot a sling bullet.
The sling bullet hits the hobgoblin but does no damage.
The hobgoblin is moderately wounded.
The hobgoblin misses you.
You shoot a sling bullet. The sling bullet hits the hobgoblin.
The hobgoblin is almost dead.
The hobgoblin hits you but does no damage.
The hobgoblin closely misses you.
You shoot a sling bullet. The sling bullet hits the hobgoblin.
You kill the hobgoblin!
You shoot a sling bullet. The sling bullet hits the goblin.
You kill the goblin!
Robin throws the goblin at you! The goblin hits you but does no damage.
You shoot a sling bullet.
The sling bullet completely misses the goblin.
Robin roars a battlecry!
The goblins go into a battle-frenzy!
The goblin hits you with a +0 dagger. The goblin hits you but does no damage.
The goblin closely misses you. Something hits you!
The rat twitches its whiskers.
The goblin completely misses you.
Robin points. "Kill!"
You shoot a sling bullet. The sling bullet hits the goblin!
You kill the goblin!
The goblin hits you with a +0 club.
Robin's horned helmet rattles.
You shoot a sling bullet. The sling bullet hits the goblin.
The goblin is heavily wounded.
Something hits you but does no damage. The goblin barely misses you.
You shoot a sling bullet.
The sling bullet barely misses the goblin.
Sigmund appears from thin air!
Reactivating autopickup.
The goblin hits you with a +0 club.
Sigmund gestures wildly while chanting.
Sigmund flickers and vanishes!
Deactivating autopickup; reactivate with Ctrl-A.
Something hits you.
You die...

#.....###.>... .....#
#.....###.....
....###......(......
#.)................#
.#..%...............#
........##.........#
#................##
#..)............###
#g@)..............?
....g{#.....)...........
....r #...........#.....
.... #...........#.....
... ####........#.....
.. #........#..... .
..........######
#.########## #.


You could see Robin, a goblin (strong) and a rat.

Vanquished Creatures
  Natasha (D:2)
  A worm (D:2)
  A dart slug (D:1)
  5 bats
  2 endoplasms
  2 giant cockroaches (D:1)
  7 goblins
  4 hobgoblins
  A quokka (D:2)
  2 frilled lizards (D:2)
  3 kobolds
  2 rats (D:2)
31 creatures vanquished.

Notes
Turn   | Place    | Note
-------+----------+-------------------------------------------
     0 | D:1      | qw the Gargoyle Hexslinger began the quest for the Orb.
     0 | D:1      | Reached XP level 1. HP: 12/12 MP: 2/2
     0 | D:1      | 0 ||| qw: Version: 0.3-a-46-gb1f654a
     0 | D:1      | 0 ||| qw: Game counter: 1460
     0 | D:1      | 0 ||| qw: Melee chars always use a shield: true
     0 | D:1      | 0 ||| qw: God list: Okawaru
     0 | D:1      | 0 ||| qw: Allow faded altars: false
     0 | D:1      | 0 ||| qw: Do Orc after clearing Dungeon:15 true
     0 | D:1      | 0 ||| qw: Do second Lair branch before Depths: true
     0 | D:1      | 0 ||| qw: Lair rune preference: random
     0 | D:1      | 0 ||| qw: Goals: Normal
     0 | D:1      | 0 ||| PLANNING D:1-11
   121 | D:1      | Reached XP level 2. HP: 16/16 MP: 3/3
   484 | D:1      | Reached skill level 3 in Ranged Weapons
   609 | D:1      | 609 ||| UPGRADING to +0 leather armour.
   619 | D:1      | 619 ||| DROPPING +0 robe.
   620 | D:1      | 620 ||| READING scroll labelled ZUMPES SYPIUNU.
   621 | D:1      | 621 ||| READING scroll labelled ZYGUPR CIUHULU.
   622 | D:1      | 622 ||| READING scroll labelled KEGGOW OJOQE.
   623 | D:1      | 623 ||| READING scroll labelled IMOESCH VUUXORCH.
   633 | D:1      | 633 ||| DROPPING scroll of poison.
   641 | D:2      | Found a faded altar of an unknown god.
   708 | D:2      | Noticed Natasha
   715 | D:2      | HP: 4/16 [cerulean imp/+1 spear[Natasha] (3)]
   716 | D:2      | HP: 1/16 [Natasha/magic dart (3)]
   718 | D:2      | Killed Natasha
   719 | D:2      | Reached XP level 3. HP: 3/22 MP: 4/4
  1003 | D:2      | Noticed Robin
  1003 | D:2      | Noticed Sigmund
  1006 | D:2      | Reached XP level 4. HP: 27/27 MP: 5/5
  1032 | D:2      | HP: 6/27 [something (10)]
  1035 | D:2      | Slain by Sigmund

Levels and vault maps discovered:
D:1:      giann_wishing_wells, layout_loops_ring, kennysheep_another_room
D:2:      layout_basic, shapermc_ecumenical_altar_starsandcircs, uniq_natasha,
          uniq_robin, uniq_sigmund

Skill      XL: |  1  2 |
---------------+-------+-----
Ranged Weapons | 3 |  3.5
Fighting       | 2 |  2.7
Dodging        | |  1.5
Spellcasting   | |  1.0
Hexes          | |  2.6

Action                     |  1- 3 |  4- 6 || total
---------------------------+-------+-------++-------
   Fire: Sling             |    93 |    30 ||   123
    Use: Scroll            |     4 |       ||     4
 Armour: Robe              |     4 |       ||     4
         Leather armour    |    10 |    11 ||    21
  Dodge: Dodged            |    21 |    17 ||    38

Table legend:
 A = Non-vault XP
 B = Vault XP
 C = Vault XP percentage of total XP
 D = Non-vault monster count
 E = Vault monster count
 F = Vault count percentage of total count
                 A         B        C        D         E       F
            +---------+---------+-------+---------+---------+-------
      Total |      41 |      49 |  54.4 |      23 |       8 |  25.8
            +---------+---------+-------+---------+---------+-------
        D:1 |      22 |       0 |   0.0 |      12 |       0 |   0.0
        D:2 |      19 |      49 |  72.1 |      11 |       8 |  42.1
            +---------+---------+-------+---------+---------+-------
